 Dungeon Crawl Stone Soup version 0.29.1-1-gd02db6906a (webtiles) character file.

Game seed: 9941607056925906123

1177 H0rd4k the Cudgeller (level 8, -9/58 HPs)
             Began as a Human Artificer on Oct 6, 2022.
             Mangled by an ice beast (10 damage)
             ... on level 5 of the Dungeon on Oct 7, 2022.
             The game lasted 00:09:43 (8860 turns).

H0rd4k the Cudgeller (Human Artificer)              Turns: 8860, Time: 00:09:43

Health: -9/58      AC:  3    Str: 22    XL:     8   Next: 69%
Magic:  13/13      EV: 13    Int: 19    God:
Gold:   312        SH:  0    Dex: 17    Spells: 11/14 levels left

rFire   . . .      SeeInvis .   E - +7 flail "Secud" {vamp, rCorr}
rCold   . . .      Faith    .   (no shield)
rNeg    . . .      Spirit   .   z - +0 leather armour of Nablodit {Str+8 Dex+4}
rPois   .          Reflect  .   (no helmet)
rElec   .          Harm     .   (no cloak)
rCorr   +          Rampage  .   (no gloves)
Will    .....                   (no boots)
Stlth   ++........              (no amulet)
HPRegen 0.19/turn               o - +6 ring of intelligence
MPRegen 0.13/turn               (no ring)

@: no status effects
A: no striking features
a: no special abilities


You were on level 5 of the Dungeon.
You visited 2 branches of the dungeon, and saw 7 of its levels.

You collected 312 gold pieces.

Inventory:

Hand Weapons
 n - a +0 mace
 C - a +0 flail of holy wrath
 E - the +7 flail "Secud" (weapon) {vamp, rCorr}
   (You found it on level 6 of the Dungeon)

   It occasionally heals its wielder for a portion of the damage dealt when it
   wounds a living foe.
   rCorr:     It protects you from acid and corrosion.
Missiles
 b - a boomerang of dispersal
 D - 5 poisoned darts
Armour
 z - the +0 leather armour of Nablodit (worn) {Str+8 Dex+4}
   (You took it off an orc priest on level 4 of the Dungeon)

   Str:       It affects your strength (+8).
   Dex:       It affects your dexterity (+4).
 B - the +0 ring mail of the Game Afoot {rF+}
   (You found it on level 6 of the Dungeon)

   rF:        It protects you from fire.
Jewellery
 o - a +6 ring of intelligence (left hand)
Wands
 c - a wand of paralysis (4) (quivered)
 d - a wand of charming (9)
 F - a wand of flame (17)
Scrolls
 e - a scroll of noise {unknown}
 h - a scroll of brand weapon {unknown}
 m - 3 scrolls of teleportation {unknown}
 p - 3 scrolls of identify {unknown}
 q - 3 scrolls of amnesia {unknown}
 r - a scroll of blinking {unknown}
 u - a scroll of enchant armour {unknown}
 v - 2 scrolls of immolation {unknown}
 w - a scroll of magic mapping {unknown}
 y - a scroll of fear {unknown}
 A - a scroll of enchant weapon {unknown}
 G - a scroll of vulnerability {unknown}
Potions
 a - a potion of resistance {unknown}
 f - 2 potions of brilliance {unknown}
 g - 3 potions of attraction {unknown}
 i - 4 potions of curing {unknown}
 j - a potion of ambrosia {unknown}
 k - 2 potions of flight {unknown}
 l - 2 potions of might {unknown}
 s - a potion of degeneration {unknown}
 t - a potion of cancellation {unknown}
 x - 2 potions of mutation {unknown}


   Skills:
 - Level 3.2 Fighting
 + Level 0.3 Short Blades
 + Level 0.1(0.2) Long Blades
 - Level 4.3 Maces & Flails
 + Level 0.1 Polearms
 + Level 0.1 Ranged Weapons
 + Level 0.1 Throwing
 - Level 2.0 Armour
 - Level 4.0 Dodging
 - Level 1.0 Stealth
 + Level 0.1 Shields
 * Level 3.9 Spellcasting
 + Level 0.2 Conjurations
 + Level 0.1 Hexes
 * Level 4.1 Summonings
 + Level 0.1 Necromancy
 + Level 0.1 Translocations
 + Level 0.2 Transmutations
 + Level 0.4 Fire Magic
 + Level 0.1 Ice Magic
 + Level 0.4 Air Magic
 + Level 0.4 Earth Magic
 + Level 0.7 Poison Magic
 + Level 0.6 Invocations
 - Level 3.0 Evocations


You had 11 spell levels left.
You knew the following spells:

 Your Spells              Type           Power      Damage    Failure   Level
a - Summon Guardian Gole  Hex/Summ       11%        N/A       21%         3

Your spell library contained the following spells:

 Spells                   Type           Power      Damage    Failure   Level
 Freeze                   Ice            16%        1d4       16%         1
 Blink                    Tloc           8%         N/A       22%         2
 Frozen Ramparts          Ice            8%         1d2       41%         3
 Lesser Beckoning         Tloc           4%         N/A       41%         3
 Ozocubu's Armour         Ice            4%         N/A       41%         3
 Summon Ice Beast         Ice/Summ       11%        N/A       54%         4
 Ice Form                 Ice/Tmut       4%         N/A       82%         4
 Hailstorm                Conj/Ice       4%         3d4       83%         4
 Manifold Assault         Tloc           4%         N/A       99%         5
 Orb of Destruction       Conj           2%         9d5       100%        7
 Ozocubu's Refrigeration  Ice            2%         4d7       100%        7
 Spellforged Servitor     Conj/Summ      5%         N/A       100%        7


Dungeon Overview and Level Annotations

Branches:
Dungeon (6/15)             Temple (1/1) D:5

Altars:
Ashenzari
Cheibriados
Elyvilon
Fedhas
Kikubaaqudgha
Makhleb
Nemelex Xobeh
Okawaru
Qazlal
Ru
Trog
Vehumet
Wu Jian
Xom
Zin

Shops:
D:5 (

Annotations:
D:3 Grinder
D:4 exclusions: downstairs and upstairs


Message History

Your Summonings skill increases to level 4!
An ice beast is nearby!
An ice beast is nearby!
An ice beast is nearby!
An ice beast is nearby!
Saving game... please wait.
Welcome back, H0rd4k the Human Artificer.
Press ? for a list of commands and other information.
There is an open door here.
You catch the helpless ice beast completely off-guard!
You hit the ice beast.
You feel better.
The ice beast is lightly wounded.
The ice beast misses you.
You sock the ice beast!
The ice beast is heavily wounded.
The ice beast hits you. The ice beast freezes you!
The ice beast closely misses you.
You hit the ice beast.
The ice beast is severely wounded.
The ice beast closely misses you.
You hit the ice beast.
The ice beast is almost dead.
The ice beast hits you. The ice beast freezes you.
You barely miss the ice beast.
The ice beast is almost dead.
The ice beast hits you. The ice beast freezes you.
You hit the ice beast but do no damage.
The ice beast is almost dead.
The ice beast hits you. The ice beast freezes you!
* * * LOW HITPOINT WARNING * * *
You hit the ice beast.
You feel better.
The ice beast is almost dead.
The ice beast hits you.
* * * LOW HITPOINT WARNING * * *
The ice beast freezes you!
* * * LOW HITPOINT WARNING * * *
The ice beast hits you.
* * * LOW HITPOINT WARNING * * *
The ice beast freezes you!
You die...

##.....+..........#######.#
##....#..........# #.#
#....#..........# #†#
#....#.##+#+##### #.#
#....#'##+#+##### #.#
####............# #.#
#....###+###.# #####.#
####....#...Y.#.# #.....#
##...##..#.###@#.# #.#####
##....)#..+.'>#.'.###.#
#.........#.###^#.....#
##...∩.....#.....#####.#
.#.........###'### #.##
.##†....#........# #..##
.###...###+#'#'#.# ♣~.P♣
.###.... #.#.#.# ♣♣~~♣
≈≈≈≈.........#.# # ♣♣.♣♣


You could see an ice beast.

Vanquished Creatures
  A steam dragon (D:6)
  2 ice beasts (D:5)
  A phantom (D:6)
  A necrophage (D:5)
  3 hounds
  An orc priest (D:4)
  Terence (D:2)
  Jessica (D:3)
  Ijyb (D:3)
  5 iguanas
  An orc wizard (D:6)
  A gnoll (D:1)
  5 adders
  5 river rats (D:6)
  2 ufetubi (D:4)
  3 worms (D:4)
  A dart slug (D:4)
  7 orcs
  9 ball pythons
  7 bats
  8 endoplasms
  5 giant cockroaches
  8 hobgoblins
  8 kobolds
  9 quokkas
  7 frilled lizards
  6 goblins
  18 rats
127 creatures vanquished.

Vanquished Creatures (collateral kills)
  A black bear (D:6)
  A scorpion (D:6)
  A ball python (D:4)
  A goblin (D:4)
  A hobgoblin (D:4)
  4 rats (D:6)
9 creatures vanquished.

Vanquished Creatures (others)
  An ice beast (D:6)
  A black bear (D:6)
  An orc priest (D:4)
  A river rat (D:6)
  4 plants
8 creatures vanquished.

Grand Total: 144 creatures vanquished

Notes
Turn   | Place    | Note
-------+----------+-------------------------------------------
     0 | D:1      | H0rd4k the Human Artificer began the quest for the Orb.
     0 | D:1      | Reached XP level 1. HP: 15/15 MP: 1/1
   498 | D:1      | Reached XP level 2. HP: 19/21 MP: 2/2
   540 | D:1      | Reached skill level 1 in Maces & Flails
   707 | D:1      | Reached XP level 3. HP: 13/26 MP: 3/3
  2372 | D:2      | Reached XP level 4. HP: 10/33 MP: 4/4
  3078 | D:2      | Noticed Terence
  3081 | D:2      | Killed Terence
  3086 | D:2      | Found a faded altar of an unknown god.
  3661 | D:3      | Reached XP level 5. HP: 38/38 MP: 5/5
  4066 | D:3      | Noticed Jessica
  4068 | D:3      | Killed Jessica
  4075 | D:3      | Noticed Ijyb
  4087 | D:3      | Killed Ijyb
  4220 | D:3      | Noticed Grinder
  4379 | D:4      | Reached XP level 6. HP: 44/46 MP: 6/6
  5428 | D:4      | Identified the +0 leather armour of Nablodit {Str+8 Dex+4}
  5702 | D:4      | Found a broken altar of Ashenzari.
  6275 | D:5      | Entered Level 5 of the Dungeon
  6314 | D:5      | Reached XP level 7. HP: 9/50 MP: 7/7
  6621 | D:4      | Learned a level 3 spell: Summon Guardian Golem
  6793 | D:5      | Reached skill level 1 in Spellcasting
  7078 | D:6      | Noticed a steam dragon
  7080 | D:6      | Identified the +0 ring mail of the Game Afoot {rF+}
  7091 | D:6      | Killed a steam dragon
  7092 | D:6      | Reached skill level 1 in Summonings
  7192 | D:6      | Found a blossoming altar of Fedhas.
  7780 | D:6      | Reached XP level 8. HP: 58/58 MP: 11/11
  7831 | D:6      | Identified the +7 flail "Secud" {vamp, rCorr}
  8377 | D:5      | Found a staircase to the Ecumenical Temple.
  8393 | D:5      | Found Bares's Weapon Shop.
  8403 | Temple   | Entered the Ecumenical Temple
  8860 | D:5      | HP: 1/58 [ice beast (2)]
  8860 | D:5      | Mangled by an ice beast

Illustrated notes

Levels and vault maps discovered:
D:1:      dpeg_arrival_rooms_with_view, layout_loops_cross,
          serial_bayou_lagoon_b
D:2:      layout_basic, shapermc_ecumenical_altar_flowoftime, uniq_terence
D:3:      layout_loops_cross, mainiacjoe_overflow_alcove_1, serial_shops,
          nicolae_shop_waterfront, uniq_grinder, uniq_ijyb, uniq_jessica
D:4:      layout_loops_ring, mainiacjoe_overflow_alcove_4
D:5:      layout_basic, general_overflow_altar, nicolae_overflow_squiral,
          minmay_temple_entry_glassed_door, serial_shops,
          nicolae_shop_bloodbath_and_beyond, serial_bayou_crossing
D:6:      lemuel_ratsnest, layout_rooms, fedhas_altar_fruit_tree
Temple:   hellmonk_temple_forest_ring

Skill      XL: |  1  2  3  4  5  6  7  8 |
---------------+-------------------------+-----
Maces & Flails | 1 2 3 4 |  4.3
Dodging        | 2 3 4 |  4.0
Fighting       | 2 3 |  3.2
Spellcasting   | 2 3 |  3.9
Summonings     | 2 4 |  4.1
Short Blades   | |  0.3
Long Blades    | |  0.1
Polearms       | |  0.1
Ranged Weapons | |  0.1
Throwing       | |  0.1
Armour         | |  2.0
Stealth        | |  1.0
Shields        | |  0.1
Conjurations   | |  0.2
Hexes          | |  0.1
Necromancy     | |  0.1
Translocations | |  0.1
Transmutations | |  0.2
Fire Magic     | |  0.4
Ice Magic      | |  0.1
Air Magic      | |  0.4
Earth Magic    | |  0.4
Poison Magic   | |  0.7
Invocations    | |  0.6
Evocations     | |  3.0

Action                   |  1- 3 |  4- 6 |  7- 9 || total
-------------------------+-------+-------+-------++-------
Melee: Club              |   186 |    73 |       ||   259
       Punch             |     2 |     3 |     1 ||     6
       Mace              |       |   192 |    28 ||   220
       Flail             |       |       |   106 ||   106
Evoke: Wand              |    11 |    18 |     5 ||    34
 Stab: Sleeping          |     1 |       |       ||     1
       Paralysed         |       |    13 |     7 ||    20
       Distracted        |       |       |     2 ||     2
Armor: Leather armour    |    95 |    64 |    20 ||   179
Dodge: Dodged            |   160 |   205 |    88 ||   453
